 Dungeon Crawl Stone Soup version 0.21.1-1-g345015f (webtiles) character file.

7028 empire the Carver (level 10, -4/83 HPs)
             Began as a Minotaur Fighter on Apr 24, 2018.
             Was an Elder of Cheibriados.
             Slain by a crocodile (13 damage)
             ... on level 10 of the Dungeon.
             The game lasted 00:18:27 (8644 turns).

empire the Carver (Minotaur Fighter)                Turns: 8644, Time: 00:18:28

Health: -4/83      AC: 15    Str: 33    XL:     10   Next: 82%
Magic:  11/11      EV: 13    Int: 14    God:    Cheibriados [****..]
Gold:   228        SH: 14    Dex: 19    Spells: 9/9 levels left

rFire    + . .     SeeInvis .   a - +0 long sword
rCold    . . .     Gourm    .   X - +1 shield
rNeg     . . .     Faith    .   W - +0 chain mail
rPois    .         Spirit   .   U - +2 hat
rElec    .         Reflect  .   u - scarf {repulsion}
rCorr    .         Harm     .   Z - +0 pair of gloves
MR       .....                  (no boots)
Stlth    ..........             (no amulet)
HPRegen  0.23/turn              q - ring of protection from fire
MPRegen  0.12/turn              (no ring)

@: repel missiles, very slow
A: retaliatory headbutt, horns 2, rugged brown scales 1, low mp 1, screaming 1
a: Bend Time, Temporal Distortion, Slouch, Renounce Religion


You were on level 10 of the Dungeon.
You worshipped Cheibriados.
Cheibriados was greatly pleased with you.
You were hungry.

You visited 2 branches of the dungeon, and saw 11 of its levels.

You collected 488 gold pieces.
You spent 260 gold pieces at shops.

Inventory:

Hand Weapons
 a - a +0 long sword (weapon)
 b - a +0 blowgun
 g - a +1 shortbow of velocity
 l - a +0 short sword of venom
 p - a +0 eveningstar
 y - the +4 Vampire's Tooth {vamp}
   (You found it on level 5 of the Dungeon)

   It inflicts no extra harm, but heals its wielder when it wounds a living foe.
 z - a +2 morningstar of protection
 B - a +1 dagger of electrocution
 D - a +0 hand axe of electrocution
 G - a +1 hand axe of chopping
Missiles
 t - 31 poisoned needles
 v - 42 sling bullets
Armour
 u - a scarf of repulsion (worn)
 U - a +2 hat (worn)
 W - a +0 chain mail (worn)
 X - a +1 shield (worn)
 Z - a +0 pair of gloves (worn)
Magical Staves
 e - a cursed staff of poison {unknown}
Jewellery
 q - a ring of protection from fire (left hand)
Wands
 i - a wand of polymorph (16)
 r - a wand of flame (43)
Scrolls
 c - a scroll of identify
 h - 2 scrolls of enchant armour
 k - 5 scrolls of remove curse
 o - 4 scrolls of teleportation
 s - 2 scrolls of immolation {unknown}
 w - 2 scrolls of amnesia {unknown}
 x - a scroll of magic mapping {unknown}
 C - a scroll of fog {unknown}
 E - a scroll of enchant weapon {unknown}
Potions
 d - 2 potions of might
 m - 3 potions of curing
 n - 5 potions of brilliance
 A - 2 potions of resistance
Books
 j - a book of Maledictions

   Spells                             Type                      Level
   a - Corona                         Hexes                        1
   b - Ensorcelled Hibernation        Hexes/Ice                    2
   c - Confuse                        Hexes                        3
   d - Tukima's Dance                 Hexes                        3
   e - Dazzling Spray                 Conjuration/Hexes            3
Comestibles
 f - 20 rations
 F - 10 chunks of flesh


   Skills:
 - Level 5.0 Fighting
 * Level 11.6 Long Blades
 + Level 9.0 Armour
 + Level 7.4 Dodging
 + Level 9.0 Shields
 + Level 5.3 Evocations


You had 9 spell levels left.
You didn't know any spells.

Dungeon Overview and Level Annotations

Branches:
Dungeon (10/15)            Temple (1/1) D:7
   Lair: D:8-11         Orc: D:9-12

Altars:
Ashenzari
Cheibriados
Dithmenos
Elyvilon
Fedhas
Gozag
Hepliaklqana
Kikubaaqudgha
Makhleb
Nemelex Xobeh
Okawaru
Qazlal
Ru
Sif Muna
Trog
Uskayaw
Vehumet
Wu Jian
Xom
Yredelemnul
Zin
The Shining One

Shops:
D:6 %

Annotations:
D:2 1 runed door


Innate Abilities, Weirdness & Mutations

You reflexively headbutt those who attack you in melee.
You have a pair of horns on your head.
You are partially covered in rugged brown scales. (AC +1, +3% HP)
Your magical capacity is low. (-10% MP)
You occasionally shout uncontrollably at your foes.


Message History

You eat the chunk of flesh.
This raw flesh tastes terrible.
You are feeling hungry.
The crocodile bites you.
* * * LOW HITPOINT WARNING * * *
You closely miss the crocodile. You block the crocodile's attack.
You hit the crocodile but do no damage. You headbutt the crocodile.
The crocodile is moderately wounded.
You block the crocodile's attack.
You hit the crocodile. Your headbutt misses the crocodile.
The crocodile is moderately wounded.
The crocodile bites you.
* * * LOW HITPOINT WARNING * * *
You closely miss the crocodile. You headbutt the crocodile.
The crocodile is moderately wounded.
The crocodile bites you.
* * * LOW HITPOINT WARNING * * *
You hit the crocodile. Your headbutt misses the crocodile.
The crocodile is heavily wounded.
The crocodile bites you!
You die...

### #.. #.# ###+# #.#
#.... #.# #....
##'###### #....
#.......# ..+....###
#.......#
.......@)######.......#
......t#)(....'(......#
P♣.....########.......#
.PP..P. #####'###
P...... #..# P......
#.## ......P ##.#
.P..!.. #..# ###.###


You could see a crocodile.

Vanquished Creatures
  A manticore (D:9)
  2 hippogriffs
  A vampire (D:8)
  10 yaks
  A basilisk (D:10)
  A human (D:7)
  4 porcupines (D:10)
  3 ice beasts
  2 sky beasts (D:9)
  A black bear (D:8)
  2 phantoms
  6 ogres
  6 centaurs
  A crocodile (D:10)
  A big kobold (D:10)
  6 bullfrogs
  5 killer bees (D:8)
  2 vampire bats (D:5)
  A bullfrog zombie (D:4)
  5 crimson imps
  2 quasits
  4 orc priests
  4 hounds
  6 jellies
  A bullfrog skeleton (D:9)
  A centaur skeleton (D:8)
  3 iguanas (D:4)
  8 worker ants
  3 orc wizards
  Natasha (thrice) (D:2)
  A hound zombie (D:9)
  A hound skeleton (D:10)
  A worker ant zombie (D:8)
  Robin (D:2)
  3 gnolls (D:4)
  10 adders
  A howler monkey skeleton (D:7)
  4 shadow imps
  An adder skeleton (D:8)
  2 worms (D:2)
  A dart slug (D:4)
  4 leopard geckos
  36 orcs
  10 bats
  7 giant cockroaches
  13 goblins
  6 hobgoblins
  16 jackals
  11 kobolds
  3 quokkas (D:6)
  2 ball pythons
  5 frilled lizards
  A goblin skeleton (D:5)
  5 hobgoblin zombies (D:5)
  A leopard gecko skeleton (D:6)
  An orc skeleton (D:5)
  An orc zombie (D:5)
  A quokka skeleton (D:8)
  5 rats
250 creatures vanquished.

Vanquished Creatures (others)
  An orc wizard (D:8)
1 creature vanquished.

Grand Total: 251 creatures vanquished

Notes
Turn   | Place    | Note
-------+----------+-------------------------------------------
     0 | D:1      | empire the Minotaur Fighter began the quest for the Orb.
     0 | D:1      | Reached XP level 1. HP: 19/19 MP: 0/0
   492 | D:1      | Reached XP level 2. HP: 26/26 MP: 1/1
   766 | D:2      | Noticed Robin
   773 | D:2      | Reached skill level 3 in Long Blades
   785 | D:2      | Reached skill level 1 in Dodging
   797 | D:2      | Killed Robin
   797 | D:2      | Reached XP level 3. HP: 13/31 MP: 2/2
  1097 | D:2      | Noticed Natasha
  1098 | D:2      | Killed Natasha
  1098 | D:2      | Reached XP level 4. HP: 39/39 MP: 3/3
  1136 | D:2      | Found a runed door.
  1235 | D:2      | Noticed Natasha
  1254 | D:2      | Killed Natasha
  1254 | D:2      | Reached skill level 4 in Long Blades
  1625 | D:2      | Noticed Natasha
  1632 | D:2      | Killed Natasha
  1870 | D:3      | Found an ornate altar of the Wu Jian Council.
  1877 | D:3      | Reached XP level 5. HP: 45/45 MP: 4/4
  2078 | D:3      | Noticed a phantom
  2109 | D:3      | Killed a phantom
  2109 | D:3      | Reached skill level 5 in Long Blades
  2295 | D:4      | Reached XP level 6. HP: 50/51 MP: 5/5
  2326 | D:4      | Reached skill level 5 in Armour
  2326 | D:4      | Reached skill level 5 in Shields
  2590 | D:5      | Entered Level 5 of the Dungeon
  2591 | D:5      | Found a radiant altar of Vehumet.
  2598 | D:5      | Reached skill level 6 in Long Blades
  2730 | D:4      | Reached XP level 7. HP: 55/58 MP: 6/6
  3073 | D:5      | Found a shimmering altar of Xom.
  3125 | D:5      | Reached skill level 1 in Evocations
  3383 | D:5      | Found a glowing golden altar of the Shining One.
  3509 | D:5      | Found a shattered altar of Ashenzari.
  3557 | D:5      | Found the +4 Vampire's Tooth {vamp}
  3571 | D:5      | Reached skill level 7 in Long Blades
  3571 | D:5      | Reached XP level 8. HP: 55/67 MP: 8/8
  4642 | D:6      | Reached skill level 5 in Fighting
  4909 | D:6      | Reached skill level 8 in Long Blades
  5042 | D:6      | Found Asoheam's Food Shoppe.
  5047 | D:6      | Bought a ration for 65 gold pieces
  5047 | D:6      | Bought a ration for 65 gold pieces
  5047 | D:6      | Bought a ration for 65 gold pieces
  5047 | D:6      | Bought a ration for 65 gold pieces
  5274 | D:7      | Found a staircase to the Ecumenical Temple.
  5281 | Temple   | Entered the Ecumenical Temple
  5417 | Temple   | Became a worshipper of Cheibriados the Contemplative
  5448 | D:7      | Reached skill level 5 in Dodging
  5522 | D:7      | Reached XP level 9. HP: 40/74 MP: 10/10
  5930 | D:7      | Found an iron altar of Okawaru.
  6125 | D:7      | Found an ornate altar of the Wu Jian Council.
  6448 | D:8      | Reached skill level 9 in Long Blades
  6509 | D:8      | Reached * piety under Cheibriados
  6521 | D:8      | Gained mutation: Your magical capacity is low. (-10% MP) [potion of mutation]
  6521 | D:8      | Gained mutation: You occasionally shout uncontrollably at your foes. [potion of mutation]
  6521 | D:8      | Gained mutation: You are partially covered in rugged brown scales. (AC +1, +3% HP) [potion of mutation]
  7065 | D:8      | Found a white marble altar of Elyvilon.
  7163 | D:8      | Reached ** piety under Cheibriados
  7182 | D:8      | Reached skill level 10 in Long Blades
  7420 | D:9      | Reached XP level 10. HP: 56/83 MP: 10/10
  7568 | D:9      | Reached *** piety under Cheibriados
  7637 | D:9      | Noticed a manticore
  7649 | D:9      | Killed a manticore
  7827 | D:9      | Found a shadowy altar of Dithmenos.
  7887 | D:9      | Reached skill level 11 in Long Blades
  8482 | D:10     | Entered Level 10 of the Dungeon
  8534 | D:10     | Reached skill level 5 in Evocations
  8613 | D:10     | Reached **** piety under Cheibriados
  8644 | D:10     | Slain by a crocodile

Skill      XL: |  1  2  3  4  5  6  7  8  9 10 |
---------------+-------------------------------+-----
Long Blades    | 3 4 5 6 7 8 10 11 | 11.6
Dodging        | 1 2 3 4 5 6 7 |  7.4
Armour         | 4 5 6 7 9 |  9.0
Shields        | 4 5 6 7 9 |  9.0
Fighting       | 4 5 |  5.0
Evocations     | 1 3 4 5 |  5.3

Action                   |  1- 3 |  4- 6 |  7- 9 | 10-12 || total
-------------------------+-------+-------+-------+-------++-------
Melee: Long sword        |    68 |   141 |   416 |   149 ||   774
       Headbutt          |    12 |    12 |    94 |    57 ||   175
  Use: Potion            |       |     1 |     5 |       ||     6
       Scroll            |       |       |    12 |       ||    12
 Stab: Distracted        |       |     1 |       |       ||     1
  Eat: Chunk             |     1 |     4 |    15 |     2 ||    22
Armor: Scale mail        |    38 |    63 |   111 |       ||   212
       Skin              |       |     2 |    15 |       ||    17
       Chain mail        |       |       |    93 |    34 ||   127
Dodge: Dodged            |    22 |    57 |   156 |    63 ||   298
       Deflected         |       |       |     6 |     2 ||     8
Block: Shield            |    44 |    92 |   281 |    94 ||   511
       Rpst.: Long sword |     7 |    17 |    33 |    15 ||    72
